Unix NetHack Version 5.0.0-0 post-release - last build May  4 2026 22:22:43 (774f63e81ad911689b3a0859ea89b322d5daca8d,branch:main).

Game began 2026-05-05 07:18:45, ended 2026-05-05 10:18:34.

7spoons, lawful male human Knight

                             ---
       ----    ----  --------..|
--------..------..---.... .....|        --
|...........@.........----.....|       --.
|..---.....a---.....---.--.....#        ..
|..| ---.....----.............#-        -.--
--.--  |......| --....!(.....#-         |..---- |
 |..|  ---...--  --.---......|         --.0.....|
 |-.|    |..-|    --- --.....|        --....-----  ---
 |..--   --..--       --.....|       -#....^...-----.---
 |...---- |...|       |.....--       |..........--.....--
 |......---...|       |)-----        |.....|^...........|
 --......*....--      |.|            |....---...........|
  |.....*......--- ----%|-------     |.--..-|.......--..--
  --!............|--....-->....-------%|--..--......--...|
  --.............||.........--.).)--...-- -.|--..........|
  |....<.........|--.------------.......|   | |........---
  |............--- --           ---.........| ---.....-|
  ---.|.--....--                  ---....----   ---....|
    -----------                     ------        ---.--
                                                    ---
7spoons the Bachelor     St:16 Dx:9 Co:14 In:8 Wi:15 Ch:17  Lawful
Dlvl:8  $:0  HP:0(56) Pw:48(48) AC:5  Xp:8 T:8030 

Latest messages:
 A giant rat suddenly appears next to you!
 A giant rat suddenly appears next to you!
 A sewer rat suddenly appears next to you!
 A sewer rat suddenly appears close by!
 A sewer rat suddenly appears close by!
 The wererat bites!
 You kill the giant rat!
 The sewer rat bites!
 The giant rat bites!
 The wererat bites!
 The bugbear throws a dart!
 The dart hits the wererat.
 You kill the giant rat!
 The sewer rat bites!
 The wererat bites!
 You kill the sewer rat!
 The sewer rat bites!
 The wererat misses!
 The bugbear throws a dart!
 The dart misses the sewer rat.
 You are hit by a dart.
 You kill the sewer rat!
 You kill the wererat!
 You kill the sewer rat!
 You see here a wererat corpse.
 You hit the bugbear!
 The bugbear hits!
 You hit the bugbear!
 The bugbear drinks a yellow potion!
 The bugbear looks completely healed.
 You hit the bugbear!
 The bugbear hits!
 You hit the bugbear!
 The bugbear hits!
 You miss the bugbear.
 The bugbear just misses!
 The bugbear picks up an effervescent potion.
 The bugbear drinks an effervescent potion!
 The bugbear is suddenly moving faster.
 You kill the bugbear!
 You miss the giant beetle.
 The giant beetle bites!
 You hit the giant beetle!
 The giant beetle bites!
 You die...
 Do you want your possessions identified? [ynq] (y) y
 Do you want to see your attributes? [ynq] (y) y
 Do you want an account of creatures vanquished? [ynaq] (y) y
 Do you want to see your conduct and achievements? [ynq] (y) y
 Do you want to see the dungeon overview? [ynq] (y) y

Inventory:
 Amulets  ('"')
  C - an uncursed amulet of ESP (being worn)
 Weapons  (')')
  a - a +1 long sword (weapon in left hand)
  b - a blessed thoroughly rusty +1 lance
 Armor    ('[')
  d - an uncursed thoroughly rusty +0 helmet (being worn)
  f - an uncursed +0 pair of leather gloves (being worn)
  e - an uncursed +0 small shield (being worn)
  l - an uncursed thoroughly rusty +0 banded mail (being worn)
 Comestibles  ('%')
  P - 2 uncursed food rations
 Scrolls  ('?')
  m - an uncursed scroll of enchant weapon
  k - an uncursed scroll of identify
 Potions  ('!')
  r - a blessed potion of object detection
 Rings    ('=')
  H - an uncursed ring of fire resistance (on left hand)
  G - an uncursed ring of slow digestion (on right hand)
 Tools    ('(')
  j - an uncursed blindfold
  i - an uncursed brass lantern
  q - an uncursed mirror
  n - an uncursed wax candle

7spoons the Knight's attributes:

Background:
 You were a Bachelor, a level 8 male human Knight.
 You were lawful, on a mission for Lugh
 who was opposed by Brigit (neutral) and Manannan Mac Lir (chaotic).
 You were left-handed.
 You were in the Gnomish Mines, on level 8.
 You entered the dungeon 8030 turns ago.
 You had 1344 experience points, 1216 more were needed to attain level 9.

Basics:
 You had 0 out of 56 hit points.
 You had all 48 energy points (spell power).
 Your armor class was 5.
 Your wallet was empty.
 Autopickup was off.

Final Characteristics:
 Your strength was 16 (limit:18/100).
 Your dexterity was 9 (limit:18).
 Your constitution was 14 (limit:18).
 Your intelligence was 8 (limit:18).
 Your wisdom was 15 (limit:18).
 Your charisma was 17 (limit:18).

Final Status:
 You weren't hungry.
 You were unencumbered.
 You were wielding a long sword.
 You had expert skill with long sword.

Final Attributes:
 You were piously aligned.
 You were fire resistant.
 Your items were protected from fire.
 You were poison resistant.
 You were telepathic.
 You aggravated monsters.
 You could jump.
 You could teleport.
 You had slower digestion.
 You were warded.
 You were fast.
 You are dead.

Miscellaneous:
 You encountered 1 bones level.
 Total elapsed playing time was 2 hours, 59 minutes and 1 second.

Major events:
 Turn
    1: 7spoons the lawful male human Knight entered the dungeon
 2956: attained the rank of Esquire (level 3)
 4178: entered the Gnomish Mines
 5674: attained the rank of Bachelor (level 6)
 6431: reached Mine Town
 8030: killed by a giant beetle

You didn't know any spells.

Skills:
 Fighting Skills
   bare handed combat [Unskilled]
   two weapon combat  [Unskilled]
   riding             [Basic]
 Weapon Skills
   dagger             [Unskilled]
   knife              [Unskilled]
   axe                [Unskilled]
   pick-axe           [Unskilled]
   short sword        [Unskilled]
   broadsword         [Unskilled]
   long sword         [Expert]
   two-handed sword   [Unskilled]
   saber              [Unskilled]
   club               [Unskilled]
   mace               [Unskilled]
   morning star       [Unskilled]
   flail              [Unskilled]
   hammer             [Unskilled]
   polearms           [Unskilled]
   spear              [Unskilled]
   trident            [Unskilled]
   lance              [Basic]
   bow                [Unskilled]
   crossbow           [Unskilled]
 Spellcasting Skills
   attack spells      [Unskilled]
   healing spells     [Unskilled]
   clerical spells    [Unskilled]

Voluntary challenges:
 Character rerolling was not enabled.
 You never genocided any monsters.
 You never polymorphed an object.
 You never changed form.
 You used no wishes.
Achievements:
 You entered a shop.
 You attained the rank of Esquire.
 You entered the Gnomish Mines.
 You attained the rank of Bachelor.
 You entered Minetown.
 You entered a temple.

 The Dungeons of Doom: levels 1 to 7
    Level 1:
       A fountain.
    Level 2:
       A general store, an altar to Lugh, some fountains.
    Level 3:
    Level 4:
       An altar.
       Stairs down to The Gnomish Mines.
    Level 5:
    Level 6:
       Some graves.
       Final resting place for
          hem2431134-Val-Hum-Fem-Neu, killed by a hobgoblin.
    Level 7:
 The Gnomish Mines: levels 5 to 10
    Level 5:
    Level 6:
    Level 7:
       Many shops, a temple and an altar, some fountains.
    Level 8: <- You were here.
       Final resting place for
          you, killed by a giant beetle.
    Level 9:
    Level 10:


Vanquished creatures:
  a ghost
  a small mimic
  a warhorse
  a red naga
  a quivering blob
 an iron piercer
 an ogre
  a rust monster
  2 jaguars
  a raven
  a bugbear
 an imp
  a wood nymph
  2 Mordor orcs
  a rock piercer
  a rock mole
  2 ponies
  2 shriekers
  5 gnome leaders
  4 gnomish wizards
  7 giant ants
  4 floating eyes
  3 kittens
  3 dwarves
  a kobold leader
  a monkey
  2 orc zombies
  2 wererats
  2 iguanas
  a coyote
  2 gas spores
  3 hobbits
 11 manes
  2 large kobolds
  a hobgoblin
  4 giant rats
  2 cave spiders
 33 gnomes
  4 garter snakes
  3 gnome zombies
 12 geckos
 16 jackals
  2 foxes
  5 goblins
  5 sewer rats
 10 grid bugs
  3 bats
  8 lichens
  a kobold zombie
 14 newts
198 creatures vanquished.

No species were genocided or became extinct.

Game over:
                       ----------
                      /          \
                     /    REST    \
                    /      IN      \
                   /     PEACE      \
                  /                  \
                  |     7spoons      |
                  |       0 Au       |
                  |   killed by a    |
                  |   giant beetle   |
                  |                  |
                  |                  |
                  |       2026       |
                 *|     *  *  *      | *
        _________)/\\_//(\/(/\)/\//\/|_)_______

Fare thee well 7spoons the Knight...

You died in The Gnomish Mines on dungeon level 8 with 5846 points,
and 0 pieces of gold, after 8030 moves.
You were level 8 with a maximum of 56 hit points when you died.

